 Dungeon Crawl Stone Soup version 0.31-a0-965-g8a8ce12e04 (webtiles) character file.

Game seed: 3185116718208638320

520 GabrielManson the Sneak (level 7, -9/49 HPs)
             Began as an Octopode Delver on Oct 26, 2023.
             Was an Initiate of Dithmenos.
             Mangled by an ogre
             ... wielding a +0 giant spiked club
              (13 damage)
             ... on level 5 of the Dungeon.
             The game lasted 00:13:11 (3575 turns).

GabrielManson the Sneak (Octopode Delver)           Turns: 3575, Time: 00:13:11

Health: -9/49      AC:  1    Str: 23    XL:     7   Next: 21%
Magic:  7/7        EV: 14    Int: 12    God:    Dithmenos [......]
Gold:   315        SH:  0    Dex: 16    Spells: 6/6 levels left

rFire   . .          .
                       - Unarmed
rCold   . . .        (no shield)
rNeg    . . .        (helmet restricted)
rPois   .            (no amulet)
rElec   .            n - +6 ring of strength
rCorr   .            t - +6 ring of strength
SInv    .            (no ring)
Will    .....        (no ring)
Stlth   +++++        (no ring)
HPRegen 0.28/turn    (no ring)
MPRegen 0.10/turn    (no ring)
                     (no ring)

%: no passive effects
@: no status effects
A: almost no armour, amphibious, 8 rings, camouflage 1, gelatinous body 1,
(nimble swimmer 1), tentacles
a: Renounce Religion


You were on level 5 of the Dungeon.
You worshipped Dithmenos.
Dithmenos was noncommittal.
You visited 2 branches of the dungeon, and saw 6 of its levels.

You collected 315 gold pieces.

Inventory:

Jewellery
 n - a +6 ring of strength (left tentacle)
 t - a +6 ring of strength (right tentacle)
Wands
 e - a wand of digging (3)
 s - a wand of roots (16)
Scrolls
 a - a scroll of fog
 b - a scroll of revelation
 c - a scroll of fear
 f - 6 scrolls of identify {unknown}
 g - a scroll of vulnerability {unknown}
 h - a scroll of enchant armour {unknown}
 i - 3 scrolls of amnesia {unknown}
 j - 5 scrolls of teleportation {unknown}
 k - 2 scrolls of noise {unknown}
 m - a scroll of torment {unknown}
 o - 2 scrolls of butterflies {unknown}
 p - a scroll of blinking {unknown}
 r - a scroll of poison {unknown}
Potions
 d - a potion of haste
 l - a potion of mutation {unknown}
 q - a potion of cancellation {unknown}
 u - a potion of brilliance {unknown}
 v - a potion of degeneration {unknown}


   Skills:
 + Level 4.6 Fighting
 + Level 4.0 Dodging
 + Level 7.2 Stealth
 + Level 5.3 Unarmed Combat


You had 6 spell levels left.
You didn't know any spells.
Your spell library contained the following spells:

 Spells                   Type           Power      Damage    Failure   Level
 Freeze                   Ice            0%         1d3       32%         1
 Shock                    Conj/Air       0%         1d3       32%         1
 Sublimation of Blood     Necr           0%         N/A       45%         2
 Frozen Ramparts          Ice            0%         1d1       69%         3
 Hailstorm                Conj/Ice       0%         3d3       69%         3
 Stone Arrow              Conj/Erth      0%         3d7       69%         3
 Swiftness                Air            0%         N/A       69%         3
 Airstrike                Air            0%         2d(0-16)  97%         4
 Petrify                  Tmut/Erth      0%         N/A       97%         4
 Irradiate                Conj/Tmut      0%         3d11      100%        5
 Lehudib's Crystal Spear  Conj/Erth      0%         10d2      100%        8
 Animate Armour           Summ/Erth      Unusable   N/A       N/A         4

Dungeon Overview and Level Annotations

Branches:
Dungeon (5/15)             Temple (1/1) D:4

Altars:
Ashenzari
Cheibriados
Dithmenos
Elyvilon
Fedhas
Hepliaklqana
Makhleb
Nemelex Xobeh
Qazlal
Ru
Trog
Uskayaw
Vehumet
Wu Jian
Xom
Yredelemnul
Zin
The Shining One

Shops:
D:1 :=*!


Innate Abilities, Weirdness & Mutations

You cannot wear most types of armour.
You are amphibious.
You can wear up to eight rings at the same time.
Your skin changes colour to match your surroundings (Stealth+).
Your rubbery body absorbs attacks. (AC +1, EV +1)
((You are camouflaged when in or above water. (Stealth+)))
You have tentacles for arms and can constrict up to eight enemies at once.


Message History

You bludgeon the sleepcap!
You destroy the sleepcap!
Dithmenos accepts your kill.
You now have 315 gold pieces (gained 13).
An ogre comes into view. It is wielding a +0 giant spiked club.
Found a bubbling black potion.
Found a stone staircase leading up.
A black bear comes into view.
The ogre shouts!
The black bear growls angrily.
The iguana hisses angrily.
The ogre closely misses you.
You tentacle-slap the ogre.
The ogre is lightly wounded.
The ogre closely misses you.
You bludgeon the ogre! You squeeze the ogre.
The ogre is heavily wounded.
You tentacle-slap the ogre but do no damage.
Your squeeze misses the ogre.
The ogre is heavily wounded.
The ogre misses you. The black bear bites you!
The black bear closely misses you. The black bear barely misses you.
You tentacle-slap the ogre.
The ogre is severely wounded.
The iguana closely misses you. The black bear closely misses you.
The black bear claws you. The black bear closely misses you.
The ogre hits you with a +0 giant spiked club!
You barely miss the ogre.
The ogre is severely wounded.
The black bear bites you. The black bear claws you.
The black bear closely misses you. The iguana bites you.
You tentacle-slap the ogre. Your squeeze misses the ogre.
The ogre is severely wounded.
The ogre closely misses you. The black bear bites you.
* * * LOW HITPOINT WARNING * * *
The black bear claws you.
* * * LOW HITPOINT WARNING * * *
The black bear closely misses you. The iguana bites you!
* * * LOW HITPOINT WARNING * * *
The iguana attacks as it pursues you! The iguana completely misses you.
The ogre attacks as it pursues you!
The ogre hits you with a +0 giant spiked club!
You die...

.!................#
#...............####
#...................
#####...............####
.......h..f.........#
..........#####.....##
........l.# #.......###
.......O..#.##........##
.#..!..@....##.........#
###...<....#..........#
#........##.#........
...........##.........
........###.............
##...#### ......#....#.
##.. .....#.##.## ...
...... #.. .. #. #


You could see a black bear, an ogre, a sleepcap and an iguana.

Vanquished Creatures
  A scorpion (D:4)
  2 orc priests (D:4)
  A gnoll bouda (D:5)
  A hound (D:4)
  A sleepcap (D:5)
  4 orc wizards
  8 adders
  4 gnolls
  3 worms
  5 dart slugs
  10 orcs
  6 endoplasms
  2 giant cockroaches
  6 goblins
  2 hobgoblins
  6 jackals (D:2)
  6 kobolds
  8 quokkas
  5 ball pythons
  2 bats (D:1)
  A frilled lizard (D:3)
  3 rats
87 creatures vanquished.

Notes
Turn   | Place    | Note
-------+----------+-------------------------------------------
     0 | D:5      | GabrielManson the Octopode Delver began the quest for the
                  | Orb.
     0 | D:5      | Reached XP level 1. HP: 16/16 MP: 1/1
    28 | D:5      | Noticed an iguana
    65 | D:4      | Noticed an orc priest
    95 | D:4      | Noticed a scorpion
   134 | D:3      | Reached skill level 7 in Stealth
   134 | D:3      | Reached XP level 2. HP: 17/21 MP: 2/2
   193 | D:2      | Reached XP level 3. HP: 10/26 MP: 3/3
   497 | D:2      | Reached XP level 4. HP: 26/31 MP: 4/4
   661 | D:2      | Found a basalt altar of Yredelemnul.
  1033 | D:1      | Found Riethrie's General Store.
  1199 | D:1      | Found Doobb's Jewellery Shop.
  1264 | D:1      | Found Lawoamno's Book Shoppe.
  1486 | D:1      | Found Bikk's Distillery.
  2404 | D:4      | Reached XP level 5. HP: 36/36 MP: 5/5
  2539 | D:4      | Reached XP level 6. HP: 32/43 MP: 6/6
  2866 | D:4      | Found a staircase to the Ecumenical Temple.
  2874 | Temple   | Entered the Ecumenical Temple
  2976 | Temple   | Became a worshipper of Dithmenos the Shadowed
  3165 | D:5      | Reached skill level 5 in Unarmed Combat
  3318 | D:5      | Reached XP level 7. HP: 46/49 MP: 7/7
  3575 | D:5      | Mangled by an ogre

Illustrated notes

Levels and vault maps discovered:
D:1:      mushboom_english_gardens, layout_basic, serial_shops, shop, shop,
          shop, nicolae_shop_tiny_glass
D:2:      layout_loops_ring, basic_altar
D:3:      layout_basic, minmay_misc_feat_encased
D:4:      minmay_evil_eye, layout_basic, minmay_temple_entry_overgrown,
          minmay_cut_off
D:5:      layout_cave_pools, uniq_crazy_yiuf_cottage
Temple:   regret_index_temple_chain_breaker

Skill      XL: |  1  2  3  4  5  6  7 |
---------------+----------------------+-----
Stealth        | 7 |  7.2
Unarmed Combat | 3 4 5 |  5.3
Dodging        | 3 4 |  4.0
Fighting       | 4 |  4.6

Action                     |  1- 3 |  4- 6 |  7- 9 || total
---------------------------+-------+-------+-------++-------
  Melee: Unarmed           |    48 |   119 |    22 ||   189
         Constrict         |    16 |    33 |     4 ||    53
         Tentacles         |    14 |    31 |     5 ||    50
         Punch             |     3 |     3 |     1 ||     7
   Stab: Sleeping          |     8 |    29 |     2 ||    39
 Armour: Skin              |    16 |    38 |    20 ||    74
  Dodge: Dodged            |    34 |    44 |    19 ||    97

Table legend: (Time is in decaauts)
 A = Elapsed time spent in this place.
 B = Non-inter-level travel time spent in this place.
 C = Inter-level travel time spent in this place.
 D = Time resting spent in this place.
 E = Time spent auto-exploring this place.
 F = Levels seen in this place.
 G = Mean time per level.
                   A        B        C        D        E       F      G
               +--------+--------+--------+--------+--------+-----+--------+
         Total |   3563 |   3423 |    140 |    225 |   2297 |   6 |  593.8 |
       Dungeon |   3451 |   3319 |    132 |    225 |   2297 |   5 |  690.2 |
        Temple |    111 |    103 |      8 |      0 |      0 |   1 |  111.0 |
               +--------+--------+--------+--------+--------+-----+--------+

Top non-repeatable levels by time:
     D:2: 868 daAuts
     D:3: 827 daAuts
     D:4: 676 daAuts
     D:1: 593 daAuts
     D:5: 486 daAuts
  Temple: 111 daAuts
